Map: Abyssal Reef LE

Players

BuRny

  • Race: Terran Terran
  • League: Master
  • Spawn Location: 11:00

A.I. 1 (Very Easy) - Winner!

  • Race: Zerg Zerg
  • Spawn Location: 5:00

VOD

Have the link to the VOD?

Description

Time

  • Played on: May 22, 2017, 4:11 a.m.
  • Length: 1:38
Show
View Real Time Build Order
Export as new Build Order

BuRny Terran 

Build Orders:  

Get SALT Encoding   

  12  0:00  SCV  
  13  0:12  SCV  
  14  0:17  Supply Depot  
  14  0:24  SCV  
  15  0:30  Refinery  
  15  0:38  SCV  
  16  0:45  Barracks  
  16  0:50  SCV  
  17  1:02  Supply Depot  
  17  1:04  Supply Depot  
  17  1:06  Supply Depot  
  17  1:08  Supply Depot  
  17  1:09  SCV  
  18  1:24  Barracks  
  18  1:25  Barracks  
  18  1:29  Barracks  
  18  1:32  Barracks  
  18  1:35  Barracks  
Show
View Real Time Build Order
Export as new Build Order

A.I. 1 (Very Easy) Zerg - Winner!

Build Orders: Pool Only 

Get SALT Encoding   

  12  0:01  Drone  
  13  0:12  Overlord  
  13  0:16  Drone  
  14  0:36  Spawning Pool  
  14  0:38  Extractor  
  14  0:40  Drone  
  13  0:48  Drone  
  14  0:54  Overlord  
  17  1:34  Roach Warren  
Tags
 
League
Master
Matchup
TvZ
Opening
Pool Only
Spawn Locations
Cross Positions
Add a new tag
Caveats
  • Supply blocks, unpowered buildings, or Contaminate may cause inaccurate times.
  • Supply counts are checked every 10 seconds.